← All builds
Geo sea / Cortex / Economy first / OBSERVED BUILD

Standard geo sea

Cortex Geo sea build order · Supreme Isthmus

The usual Cove-side sea opening: bot lab for an early defensive bot, shipyard in the cove, then frigates, destroyers and submarines to contest the sea and defend the base.

Usually shipyard in the cove (98%)

#naval #defence · 1098 distinct matches · 104 players · 83% of Cortex Geo sea games · team won 52% of 1227 · Recently observed

HOW TO PLAY IT

Key timing: Shipyard by 3:16

  1. Grab 3 mex and open wind while laying down bot lab.
  2. Get bot lab up then push straight into shipyard.
  3. Finish shipyard, start pumping subs and frigates to contest sea.
  4. Add submarine, frigate and destroyer to hold sea lanes.
  5. Bring geo online and transition into mixed navy.

Phase by phase

TYPICAL OF ITS 1098 GAMES
  1. 1
  2. 2
  3. 3
  4. 4
PLAY THE OPENING

Follow the example game's first 6:00 step by step: what to build now, what comes next, and where it goes. At 1× it keeps pace with your own game.

  1. 1

    Up to the Bot Lab

    Economy
    • Metal Extractor3Mex
    • Wind Turbine3Wind
    Order
    1. Bot LabBot Lab after 3 mex, 3 winddone ~1:12, middle half 1:07–1:26

    Some games also: wind for allies (48%)

    By 0:55 in all: 3 mex · 3 wind

    The example game in this phase · 3 steps
    1. Mex ×3
    2. Wind ×4
    3. Bot LabBot Labdone 1:10 · typical 1:12
  2. 2

    Bot Lab to Shipyard

    Economy
    • Metal Extractor1Mex
    • Wind Turbine2Wind
    Order
    1. ShipyardShipyard after 4 mex, 5 wind, 1 energy storagedone ~3:17, middle half 3:02–3:33
    Builders
    • Construction Bot3 Con bot
    • Graverobber2 Graverobber
    Army
    • Grunt1 Grunt

    Some games also: con turret (45%) · trasher (40%) · energy storage (33%) · wind for allies (31%)

    By 2:51 in all: 4 mex · 5 wind · 1 energy storage

    The example game in this phase · 13 steps
    1. Windfor Air
    2. GraverobberGraverobber
    3. Windfor Air
    4. GraverobberGraverobber ×2
    5. Construction BotCon bot ×2
    6. Con turret
    7. TrasherTrasher
    8. Energy storage
    9. TrasherTrasher
    10. Construction BotCon bot
    11. Mex
    12. GruntGrunt
    13. ShipyardShipyarddone 3:25 · typical 3:17
  3. 3

    Shipyard to 5:00

    Economy
    • Metal Extractor4Mex
    Order
    1. Bot LabEat Bot Lab
    Builders
    • Construction Ship1 Con ship
    Army
    • Riptide2 Frigate
    • Orca1 Submarine
    Other
    • Radar Tower1 Radar Tower

    Some games also: missile corvette (49%) · Guard (49%) · wind (48%) · destroyer (45%) · gunboat (39%)

    By 5:00 in all: 8 mex · 6 wind · 1 energy storage · 1 con turret

    The example game in this phase · 15 steps
    1. Wind
    2. SupporterGunboat ×2
    3. Bot LabEat Bot Labreclaimed for its metal
    4. Wind
    5. SupporterGunboat
    6. HerringMissile corvette
    7. Wind
    8. Mex
    9. Construction ShipCon ship ×2
    10. GuardGuard
    11. SupporterGunboat
    12. Mex
    13. SupporterGunboat ×5
    14. Mex
    15. SupporterGunboat
  4. 4

    5:00 to 10:00

    Economy
    • Metal Extractor2Mex
    • Wind Turbine8Wind
    • Energy Converter1Converter
    Builders
    • Construction Turret1 Con turret
    • Death Cavalry2 Death Cavalry
    • Construction Ship1 Con ship
    Army
    • Guard2 Guard
    • Riptide5 Frigate
    • Oppressor2 Destroyer
    Other
    • Naval Radar / Sonar Tower2 Naval Radar / Sonar Tower

    Some games also: geo (47%) · Thistle (40%) · submarine (34%)

    By 10:00 in all: 10 mex · 15 wind · 1 geo · 4 converter · 1 energy storage · 2 con turret

    The example game in this phase · 84 steps
    1. Mex
    2. SupporterGunboat
    3. GuardGuard
    4. SupporterGunboat
    5. Death CavalryDeath Cavalry
    6. Mex
    7. Death CavalryDeath Cavalry
    8. Naval Radar / Sonar TowerNaval Radar / Sonar Tower
    9. Mex ×2
    10. Death CavalryDeath Cavalry
    11. Mex
    12. Con turret
    13. Construction ShipCon ship
    14. Con turret
    15. Geothermal PowerplantGeodone 7:49 · typical 8:00
    16. Converter ×2
    17. OrcaSubmarinedone 7:04 · typical 4:17
    18. Converter ×3
    19. GuardGuard
    20. Converter
    21. UrchinUrchin
    22. Naval Radar / Sonar TowerNaval Radar / Sonar Tower
    23. Advanced Metal ExtractorT2 mexdone 8:25 · typical 9:22
    24. Naval Radar / Sonar TowerNaval Radar / Sonar Tower
    25. Advanced ShipyardAdvanced Shipyarddone 9:09
    26. Naval Radar / Sonar TowerNaval Radar / Sonar Tower
    27. Converter
    28. ShipyardEat Shipyardreclaimed for its metal
    29. Converter
    30. Advanced Metal ExtractorT2 mex
    31. Naval Radar / Sonar TowerNaval Radar / Sonar Tower
    32. Converter
    33. Mex
    34. SlingshotSlingshot
    35. Advanced Metal ExtractorT2 mex
    36. Advanced Construction SubAdvanced Construction Sub
    37. Converter ×2
    38. Mex
    39. Converter
    40. SlingshotSlingshot
    41. PathfinderPathfinder
    42. Naval Advanced Metal ExtractorNaval Advanced Metal Extractordone 10:29
    43. BrimstoneAnti-swarm shipdone 10:03
    44. Mex
    45. PathfinderPathfinder
    46. SlingshotSlingshot
    47. Tidal
    48. PathfinderPathfinder
    49. Tidal
    50. Advanced Metal ExtractorT2 mex
    51. Tidal
    52. PathfinderPathfinder
    53. Naval Advanced Metal ExtractorNaval Advanced Metal Extractor
    54. Tidal ×3
    55. Naval Energy Storage
    56. Tidal ×7
    57. Naval Radar / Sonar TowerNaval Radar / Sonar Tower
    58. Advanced Metal ExtractorT2 mex
    59. Naval Advanced Metal ExtractorNaval Advanced Metal Extractor
    60. Tidal ×7
    61. Advanced Metal ExtractorT2 mex
    62. Tidal ×2
    63. Naval Advanced Metal ExtractorNaval Advanced Metal Extractor
    64. Tidal ×3
    65. Advanced Construction SubAdvanced Construction Sub
    66. Naval BirdshotNaval Birdshot
    67. PathfinderPathfinder
    68. Naval Advanced Metal ExtractorNaval Advanced Metal Extractor
    69. PathfinderPathfinder
    70. Naval Fusion ReactorNaval Fusion Reactornot finished by 15:00
    71. CitadelAnti-nukenot finished by 15:00
    72. PathfinderPathfinder
    73. Naval Construction Turret ×2
    74. PathfinderPathfinder
    75. Naval Construction Turret ×2
    76. Naval BirdshotNaval Birdshot
    77. Naval Advanced Metal ExtractorNaval Advanced Metal Extractor
    78. Naval Construction Turret
    79. Tidal ×3
    80. Naval Construction Turret
    81. Tidal
    82. OasisOasis
    83. Tidal
    84. Naval Construction Turret

Counts are medians over the build's games: half of them build more, half fewer. The example game is ITz_Mythocondria's (35 OS, 07/10/2026); pick another.

Team trades

IN AT LEAST 30% OF ITS GAMES

You hand over

  • Wind Turbine2 Wind to Airfirst at 1:48 · in 70% of games

You get

  • Finch1 Finch from Airfirst at 1:51 · in 83% of games
  • Hercules1 Light transport from Airfirst at 2:00 · in 74% of games
  • Advanced Construction Bot1 T2 con bot from Techfirst at 7:44 · in 89% of games

How it plays out

Typical game of this build, running totals by minute

Metal produced

010k20k30k
0:005:0010:0015:00

metal

Enemy metal destroyed

05k10k
0:005:0010:0015:00

metal

Own metal lost

02.5k5k7.5k
0:005:0010:0015:00

metal

1227 games.

Show as table
ByMetal produced: This buildEnemy metal destroyed: This buildOwn metal lost: This build
1:0039700
2:0092800
3:00156600
4:002894051
5:00410315052
6:005454461231
7:006936931545
8:0086071578891
9:001047124951344
10:001263036252031
11:001519548242838
12:001810762243720
13:002139973574441
14:002501686445353
15:002886197626354
WHAT THE NUMBERS SAY

Matches the role's own norm almost exactly, sitting at the typical 52% team win rate for Geo sea.

  • + Reliable timing: bot lab by 1:12 and shipyard by 3:16 in the middle half of games.
  • − Own metal lost climbs to 6854 by 15:00, showing sea fights stay costly.
THE EXAMPLE YOU ARE READING

ITz_Mythocondria

35.1 OS · 07/10/2026

Open source match ↗

3 received units · includes a constructor
407 metal received · 70222 energy received

Allied construction assistance is unknown. Timings are observations, not a promise of solo reproducibility.

Typical milestones

Bot Lab1:12Middle 50%: 1:07–1:26 · n=1207
Shipyard3:17Middle 50%: 3:02–3:33 · n=1219
Orca4:17Middle 50%: 3:51–4:59 · n=845
Riptide4:37Middle 50%: 4:08–5:21 · n=1192
Oppressor5:52Middle 50%: 5:08–6:36 · n=1114
Geothermal Powerplant8:00Middle 50%: 7:01–9:03 · n=729
Advanced Metal Extractor9:22Middle 50%: 8:45–10:10 · n=1060

Played most by

sirniho125games of this buildSHOGVN100games of this buildOptimusprimenutt86games of this buildPRO_Rerory52games of this buildTheSituation43games of this build